 Dungeon Crawl Stone Soup version 0.27-a0-1312-g5cdb2b3542 (webtiles) character file.

Game seed: 2779876493442726456

50527 hatdisgam the Cleaver (level 14, -2/108 HPs)
             Began as a Demonspawn Ice Elementalist on June 20, 2021.
             Was a High Priest of Vehumet.
             Slain by a two-headed ogre (17 damage)
             ... on level 1 of the Orcish Mines.
             The game lasted 00:52:55 (26402 turns).

hatdisgam the Cleaver (DsIE)                       Turns: 26402, Time: 00:52:56

Health: -2/108     AC: 14    Str:  9    XL:     14   Next: 20%
Magic:  0/20       EV: 13    Int: 20    God:    Vehumet [*****.]
Gold:   1333       SH:  0    Dex: 15    Spells: 4/22 levels left

rFire    . . .     SeeInvis .   L - +3 broad axe (flame)
rCold    . . .     Faith    .   (no shield)
rNeg     . . .     Spirit   +   y - +2 ring mail {rPois}
rPois    +         Reflect  .   N - +1 hat
rElec    .         Harm     .   u - scarf {shadows}
rCorr    .         Rampage  .   l - +0 pair of gloves
Will     +....                  X - +0 pair of boots
Stlth    +.........             j - amulet of guardian spirit
HPRegen  0.28/turn              (no ring)
MPRegen  0.34/turn              (no ring)

@: about to teleport
A: talons 2, yellow scales 2, spiny 2, magic regeneration
a: Renounce Religion


You were on level 1 of the Orcish Mines.
You worshipped Vehumet.
Vehumet was extremely pleased with you.
You visited 4 branches of the dungeon, and saw 18 of its levels.

You collected 1453 gold pieces.
You spent 120 gold pieces at shops.

Inventory:

Hand Weapons
 c - a +0 club
 g - a +0 dagger
 p - a +0 trident
 v - a +2 hand axe of flaming
 L - a +3 broad axe of flaming (weapon)
Missiles
 x - 2 boomerangs of dispersal
 E - 13 curare-tipped darts
 H - 459 stones
 Q - 8 atropa-tipped darts
Armour
 a - a +0 robe
 l - a +0 pair of gloves (worn)
 u - a scarf of shadows (worn)
 y - a +2 ring mail of poison resistance (worn)
 B - a +0 tower shield
 N - a +1 hat (worn)
 X - a +0 pair of boots (worn)
Jewellery
 f - an amulet of faith
 j - an amulet of guardian spirit (around neck)
 r - the amulet "Momin" {RegenMP Str+4}
   (You found it on level 4 of the Lair of Beasts)

   [amulet of magic regeneration]

   It increases your rate of magic regeneration.
   It affects your strength (+4).
 P - a ring of ice
 R - a ring of flight
Wands
 m - a wand of mindburst (12)
 A - a wand of polymorph (10)
 F - a wand of iceblast (15)
 J - a wand of flame (109)
 O - a wand of digging (11)
Scrolls
 b - 2 scrolls of fog
 d - 3 scrolls of teleportation
 i - 6 scrolls of amnesia
 o - a scroll of silence
 q - 2 scrolls of vulnerability
 s - a scroll of noise {unknown}
 K - 5 scrolls of enchant armour
 T - a scroll of magic mapping
 U - a scroll of torment
 V - a scroll of holy word {unknown}
Potions
 e - 7 potions of curing {unknown}
 h - 2 potions of lignification {unknown}
 k - a potion of mutation {unknown}
 n - 5 potions of haste {unknown}
 w - 5 potions of attraction
 z - 4 potions of degeneration {unknown}
 C - 2 potions of brilliance {unknown}
 D - a potion of invisibility
 G - 2 potions of ambrosia {unknown}
 I - 3 potions of flight {unknown}
 M - 5 potions of heal wounds
 W - a potion of might {unknown}


   Skills:
 - Level 9.1 Fighting
 * Level 13.5 Axes
 + Level 6.0 Armour
 - Level 8.3 Dodging
 - Level 1.7 Stealth
 - Level 4.5 Spellcasting
 + Level 6.2 Conjurations
 - Level 3.1 Translocations
 - Level 4.0 Fire Magic
 - Level 7.0 Ice Magic
 - Level 3.0 Air Magic
 + Level 6.8 Earth Magic


You had 4 spell levels left.
You knew the following spells:

 Your Spells              Type           Power      Damage    Failure   Level
a - Freeze                Ice            100%       1d11      1%          1
b - Frozen Ramparts       Ice            64%        1d8       1%          3
c - Shock                 Conj/Air       92%        1d8       1%          1
d - Sandblast             Erth           62%        2d14      1%          1
e - Blink                 Tloc           N/A        N/A       12%         2
f - Sticky Flame          Conj/Fire      25%        2d5       10%         4
g - Iron Shot             Conj/Erth      15%        9d4       58%         6

Your spell library contained the following spells:

 Spells                   Type           Power      Damage    Failure   Level
 Foxfire                  Conj/Fire      100%       2x1d9     1%          1
 Conjure Flame            Conj/Fire      25%        6-21      3%          3
 Ozocubu's Armour         Ice            32%        N/A       4%          3
 Hailstorm                Conj/Ice       31%        3d8       5%          4
 Apportation              Tloc           34%        N/A       9%          1
 Inner Flame              Hex/Fire       12%        N/A       11%         3
 Iskenderun's Mystic Bla  Conj/Tloc      23%        2d6       11%         4
 Gell's Gravitas          Tloc           8%         N/A       24%         3
 Lesser Beckoning         Tloc           8%         N/A       24%         3
 Teleport Other           Tloc           17%        N/A       24%         3
 Animate Skeleton         Necr           8%         N/A       30%         1
 Beastly Appendage        Tmut           8%         N/A       30%         1
 Corona                   Hex            4%         N/A       30%         1
 Summon Small Mammal      Summ           16%        N/A       30%         1
 Wereblood                Tmut           4%         N/A       41%         2
 Ice Form                 Ice/Tmut       18%        N/A       56%         4
 Leda's Liquefaction      Hex/Erth       9%         N/A       58%         4
 Spider Form              Tmut/Pois      2%         N/A       65%         3
 Fireball                 Conj/Fire      12%        3d7       24%         5
 Metabolic Englaciation   Hex/Ice        9%         N/A       89%         5
 Manifold Assault         Tloc           17%        N/A       92%         5
 Malign Gateway           Summ/Tloc      5%         N/A       100%        7


Dungeon Overview and Level Annotations

Branches:
Dungeon (10/15)            Temple (1/1) D:4            Lair (6/6) D:9
 Shoals (0/4) Lair:4        Snake (0/4) Lair:4        Slime (0/5) Lair:6
    Orc (1/2) D:10

Altars:
Ashenzari
Cheibriados
Dithmenos
Elyvilon
Fedhas
Gozag
Hepliaklqana
Kikubaaqudgha
Makhleb
Nemelex Xobeh
Okawaru
Qazlal
Ru
Sif Muna
Trog
Uskayaw
Vehumet
Wu Jian
Xom
Yredelemnul
Zin
The Shining One

Shops:
D:4 *

Annotations:
Lair:2 exclusion: oklob plant
Lair:5 exclusion: oklob plant
Lair:6 3 runed translucent doors, exclusion: oklob plant, Vayczud's ghost, journeyman TrMo; razgard's ghost, journeyman VSBe


Innate Abilities, Weirdness & Mutations

You have razor-sharp toenails.
You are mostly covered in yellow scales. (AC +3)
You are mostly covered in sharp spines.
You regenerate magic rapidly.


Message History

The two-headed ogre misses you.
The two-headed ogre hits you with a +0 giant club!!
The wall freezes the two-headed ogre!
Unknown command.
You slash the two-headed ogre! You burn the two-headed ogre.
The two-headed ogre is heavily wounded.
Unknown command.
You barely miss the two-headed ogre.
The two-headed ogre is heavily wounded.
You barely miss the two-headed ogre.
The wall freezes something.
Something hits you.
The wall freezes the two-headed ogre.
The two-headed ogre closely misses you.
The two-headed ogre hits you with a +0 giant club!
Unknown command.
Unknown command.
You hit the two-headed ogre. You burn the two-headed ogre.
The two-headed ogre is severely wounded.
You hit the two-headed ogre but do no damage.
The frozen ramparts melt away.
The two-headed ogre is struck by your spines.
The two-headed ogre hits you with a +0 giant club!
The two-headed ogre hits you with a +0 giant club!!
Something completely misses you.
The two-headed ogre is struck by your spines.
The two-headed ogre hits you with a +0 giant club!!
The two-headed ogre hits you with a +0 giant club.
* * * LOW HITPOINT WARNING * * *
Unknown command.
As you read the scroll of teleportation, it crumbles to dust.
You feel strangely unstable. Something hits you!
* * * LOW HITPOINT WARNING * * *
The two-headed ogre hits you with a +0 giant club!
* * * LOW HITPOINT WARNING * * *
The two-headed ogre barely misses you.
The two-headed ogre is struck by your spines.
You kill the two-headed ogre!
Vehumet accepts your kill.
You feel your power returning.
The two-headed ogre hits you with a +0 giant club!!
You die...

.............#....#
.......#.#....#...##
...................#
>..O.....#....#....##
....o...#...........##
.....#........#.....$#
..)O........####O....##
.[<>.......## #.O.....#
.)[)........# ##@....#.
.............##.....#..
O.....).............# .
.....)[...8......#..#
......).8...8..8.....$
.....8..............#.#
.................. ..##
...#....8...8
...#.8.......


You could see 2 two-headed ogres.

Vanquished Creatures
  Gastronok (D:8)
  7 hydras
  3 catoblepae (Lair:6)
  4 two-headed ogres
  4 death yaks (Lair:6)
  An orc high priest (D:10)
  A lindwurm (Lair:5)
  An ugly thing (D:9)
  An orc sorcerer (Orc:1)
  3 manticores
  18 elephants
  Maurice (D:8)
  9 black mambas
  A torpor snail (Lair:2)
  10 cane toads
  4 rime drakes
  14 komodo dragons
  Maggie (D:8)
  A wind drake (Lair:4)
  Prince Ribbit (D:8)
  Sigmund (D:2)
  2 wyverns
  A vampire (D:10)
  3 fire bats (Lair:3)
  44 yaks
  5 basilisks
  2 steam dragons
  Menkaure (D:4)
  An acid dragon (D:10)
  Edmund (D:5)
  2 nagas (Lair:4)
  11 water moccasins
  3 hornet zombies
  Duvessa (D:5)
  3 black bears
  A sky beast (D:7)
  11 orc warriors
  3 ogres
  10 wolves
  A necrophage (D:8)
  4 centaurs
  2 kobold brigands (D:8)
  2 scorpions (D:6)
  9 bullfrogs
  Dowan (D:5)
  8 killer bees
  7 wights
  3 electric eels
  4 howler monkeys
  A bullfrog zombie (D:6)
  A hound (D:6)
  3 centaur zombies
  17 jellies
  2 centaur skeletons
  2 gnoll shamans
  8 orc priests
  2 bullfrog skeletons
  Ijyb (D:3)
  15 orc wizards
  A killer bee zombie (D:8)
  A hound zombie (D:5)
  2 howler monkey zombies
  10 adders
  10 gnolls
  3 white imps (D:7)
  An adder zombie (D:5)
  2 worms
  4 dart slugs
  42 orcs
  4 ball pythons
  3 endoplasms
  3 giant cockroaches
  10 goblins
  9 hobgoblins
  2 jackals (D:5)
  6 kobolds
  2 quokkas (D:3)
  6 bats
  5 frilled lizards
  5 rats
416 creatures vanquished.

Vanquished Creatures (others)
  29 fungi
  51 plants
80 creatures vanquished.

Grand Total: 496 creatures vanquished

Notes
Turn   | Place    | Note
-------+----------+-------------------------------------------
     0 | D:1      | hatdisgam the Demonspawn Ice Elementalist began the quest
                  | for the Orb.
     0 | D:1      | Reached XP level 1. HP: 13/13 MP: 3/3
   694 | D:1      | Gained mutation: You regenerate magic rapidly. [demonic
                  | ancestry]
   694 | D:1      | Reached XP level 2. HP: 19/19 MP: 1/5
   786 | D:1      | Found a faded altar of an unknown god.
  1392 | D:2      | Gained mutation: You are partially covered in yellow
                  | scales. (AC +2) [demonic ancestry]
  1392 | D:2      | Reached XP level 3. HP: 21/24 MP: 3/6
  1515 | D:2      | Learned a level 3 spell: Frozen Ramparts
  1849 | D:2      | Noticed Sigmund
  1864 | D:2      | Killed Sigmund
  1865 | D:2      | Reached skill level 5 in Ice Magic
  1865 | D:2      | Reached XP level 4. HP: 22/30 MP: 1/9
  1865 | D:2      | Reached XP level 5. HP: 26/35 MP: 1/10
  2797 | D:3      | Noticed Ijyb
  2814 | D:3      | Killed Ijyb
  2815 | D:3      | Gained mutation: You have sharp toenails. [demonic
                  | ancestry]
  2815 | D:3      | Reached XP level 6. HP: 22/41 MP: 0/11
  3629 | D:4      | Noticed Menkaure
  3640 | D:4      | Killed Menkaure
  3641 | D:4      | Reached XP level 7. HP: 24/46 MP: 3/13
  3804 | D:4      | Found an ancient bone altar of Kikubaaqudgha.
  3895 | D:4      | Found a staircase to the Ecumenical Temple.
  3913 | Temple   | Entered the Ecumenical Temple
  4209 | Temple   | Became a worshipper of Vehumet
  4309 | D:4      | Found Boxoneso's Neck Hole.
  4319 | D:4      | Bought a scarf of shadows for 120 gold pieces
  4364 | D:4      | Reached skill level 1 in Fighting
  5004 | D:5      | Entered Level 5 of the Dungeon
  5018 | D:5      | Reached skill level 1 in Axes
  5212 | D:5      | Noticed Edmund
  5222 | D:5      | Killed Edmund
  5223 | D:5      | Reached skill level 2 in Axes
  5223 | D:5      | Gained mutation: You are mostly covered in yellow scales.
                  | (AC +3) [demonic ancestry]
  5223 | D:5      | Reached XP level 8. HP: 25/56 MP: 1/14
  5279 | D:5      | Reached skill level 1 in Armour
  5291 | D:5      | Noticed Duvessa
  5467 | D:5      | Killed Duvessa
  5468 | D:5      | Reached skill level 3 in Axes
  5478 | D:5      | Noticed Dowan
  5502 | D:5      | Killed Dowan
  5813 | D:5      | Reached * piety under Vehumet
  5813 | D:5      | Offered knowledge of Shock by Vehumet.
  5816 | D:5      | Learned a level 1 spell: Shock
  6739 | D:6      | Reached skill level 4 in Axes
  6781 | D:6      | Reached skill level 1 in Air Magic
  7729 | D:6      | Gained mutation: You are partially covered in sharp spines.
                  | [demonic ancestry]
  7729 | D:6      | Reached XP level 9. HP: 25/61 MP: 5/15
  7927 | D:7      | Reached skill level 5 in Axes
  8375 | D:7      | Offered knowledge of Sandblast by Vehumet.
  8738 | D:7      | Reached skill level 6 in Axes
  8848 | D:8      | Reached ** piety under Vehumet
  9025 | D:8      | Reached skill level 5 in Fighting
  9025 | D:8      | Reached skill level 1 in Conjurations
  9036 | D:8      | Learned a level 1 spell: Sandblast
  9656 | D:8      | Noticed Maurice
  9656 | D:8      | Noticed a boulder beetle
 10190 | D:8      | Reached skill level 1 in Earth Magic
 10215 | D:8      | Killed Maurice
 10216 | D:8      | Reached XP level 10. HP: 55/74 MP: 6/16
 10248 | D:8      | Noticed Gastronok
 10274 | D:8      | Killed Gastronok
 10275 | D:8      | Reached skill level 7 in Axes
 10275 | D:8      | Reached skill level 5 in Armour
 10492 | D:8      | HP: 3/76 [centaur (6)]
 10852 | D:8      | Found a radiant altar of Vehumet.
 10863 | D:8      | Reached skill level 8 in Axes
 10871 | D:8      | Noticed Prince Ribbit
 10878 | D:8      | Killed Prince Ribbit
 11162 | D:8      | Noticed Maggie
 11174 | D:8      | Killed Maggie
 11184 | D:8      | HP: 1/77 [steam dragon/ball of steam (13)]
 11854 | D:9      | Noticed a two-headed ogre
 11869 | D:9      | Killed a two-headed ogre
 12291 | D:9      | Noticed a brown ugly thing
 12292 | D:9      | Found a staircase to the Lair.
 12302 | D:9      | Killed a brown ugly thing
 12332 | D:9      | Gained mutation: You are mostly covered in sharp spines.
                  | [demonic ancestry]
 12332 | D:9      | Reached XP level 11. HP: 79/83 MP: 15/17
 12676 | D:10     | Entered Level 10 of the Dungeon
 12894 | D:10     | Found a staircase to the Orcish Mines.
 12905 | D:10     | Offered knowledge of Poisonous Vapours by Vehumet.
 12908 | D:10     | Reached skill level 9 in Axes
 12962 | D:10     | Reached *** piety under Vehumet
 13573 | D:10     | Identified the +2 leather armour "Bila" {rC- rN++ Int+2}
 13726 | D:10     | Identified the Papyrus of Dusty Orientation
 13981 | D:10     | Learned a level 2 spell: Blink
 13991 | D:10     | Noticed a two-headed ogre
 14000 | D:10     | Killed a two-headed ogre
 14177 | Lair:1   | Entered Level 1 of the Lair of Beasts
 14512 | Lair:1   | Offered knowledge of Fulminant Prism by Vehumet.
 14513 | Lair:1   | Reached skill level 5 in Earth Magic
 14871 | Lair:1   | Reached skill level 10 in Axes
 15575 | Lair:2   | Reached skill level 5 in Dodging
 15731 | Lair:2   | Gained mutation: You have razor-sharp toenails. [demonic
                  | ancestry]
 15731 | Lair:2   | Reached XP level 12. HP: 75/93 MP: 18/18
 16192 | Lair:2   | Reached skill level 1 in Translocations
 16330 | Lair:2   | Reached **** piety under Vehumet
 16912 | Lair:3   | Noticed a five-headed hydra
 16918 | Lair:3   | Killed a two-headed hydra
 17336 | Lair:3   | Noticed a four-headed hydra
 17343 | Lair:3   | Killed a one-headed hydra
 17344 | Lair:3   | Reached skill level 11 in Axes
 17669 | Lair:3   | Offered knowledge of Airstrike by Vehumet.
 18249 | Lair:4   | Learned a level 4 spell: Sticky Flame
 18251 | Lair:4   | Found a staircase to the Snake Pit.
 18423 | Lair:4   | Found a staircase to the Shoals.
 18463 | Lair:4   | Identified the amulet "Momin" {RegenMP Str+4}
 18489 | Lair:4   | Reached skill level 1 in Fire Magic
 19212 | Lair:4   | Found a burning altar of Makhleb.
 19744 | Lair:5   | Identified the +1 robe of Noughts and Crosses {*Corrode
                  | rPois Str+7 SInv}
 19959 | Lair:5   | Reached XP level 13. HP: 86/101 MP: 19/19
 20495 | Lair:5   | Reached skill level 12 in Axes
 21102 | Lair:6   | Entered Level 6 of the Lair of Beasts
 21991 | Lair:6   | Found a staircase to the Slime Pits.
 22278 | Lair:6   | Reached ***** piety under Vehumet
 22557 | Lair:6   | Offered knowledge of Iron Shot by Vehumet.
 22578 | Lair:6   | Learned a level 6 spell: Iron Shot
 22906 | Lair:6   | Found a runed translucent gate.
 22931 | Lair:6   | Found a runed translucent gate.
 22932 | Lair:6   | Found a runed translucent gate.
 23002 | Lair:6   | Reached skill level 5 in Conjurations
 23422 | Lair:6   | Reached skill level 13 in Axes
 23445 | Lair:6   | HP: 2/101 [acid (5)]
 24534 | Lair:6   | Reached XP level 14. HP: 42/108 MP: 17/20
 25142 | Lair:6   | Noticed razgard's ghost (journeyman VSBe)
 25142 | Lair:6   | Noticed Vayczud's ghost (journeyman TrMo)
 25323 | Orc:1    | Entered Level 1 of the Orcish Mines
 25875 | Orc:1    | Noticed an orc warlord
 26402 | Orc:1    | Slain by a two-headed ogre

Illustrated notes

Levels and vault maps discovered:
D:1:      nagdon_arrival_zigzag_paths, layout_basic,
          hellmonk_ecumenical_altar_pennies_from_heaven,
          chequers_serial_rivers_micro_a
D:2:      layout_basic, minivault_4, uniq_sigmund
D:3:      layout_rooms, minmay_pentangle, uniq_ijyb
D:4:      layout_gridville, amcnicky_altar_gilded, minmay_temple_entry_junction,
          nicolae_shop_sticking_my_neck_out, uniq_menkaure
D:5:      layout_layer_cave, enter_ossuary_3, abandoned_shop,
          grunt_decor_fettered, uniq_edmund, uniq_duvessa
D:6:      layout_rooms, serial_curves, eino_curves_04, eino_curves_01
D:7:      layout_rooms, serial_curves, eino_curves_01, eino_curves_03,
          hangedman_decor_riveting
D:8:      layout_rooms, hangedman_decor_slide_cut, minmay_ruined_shrine,
          uniq_prince_ribbit1, uniq_maggie, uniq_gastronok, uniq_maurice
D:9:      layout_irregular_city, lair_entry_dummy
D:10:     layout_irregular_city, david_orc_2, hangedman_decor_diamond_cutter,
          chequers_serial_rivers_micro_c
Temple:   nicolae_temple_the_god_donut
Lair:1:   layout_loops_ring, lemuel_fruit_tree
Lair:2:   layout_gridlike, portal_ice_cave_entry_pillars_1, lemuel_fruit_fields,
          minmay_lair_oklob_chamber
Lair:3:   layout_regular_city, nicolae_volcano_entry_batcave
Lair:4:   layout_cave_pods, minmay_shoals_entry_beasts,
          guppyfry_snake_entry_island, basic_altar, st_stairs_6,
          infiniplex_staircase_pool_2
Lair:5:   layout_cave_pods, lemuel_oklob_altar, lemuel_fruit_fields
Lair:6:   evilmike_catoblepas_cave, layout_gridlike,
          minmay_slime_entry_jelly_boxes, gammafunk_ghost_cemetery
Orc:1:    layout_caves, bh_open_orc_temple

Skill      XL: |  1  2  3  4  5  6  7  8  9 10 11 12 13 14 |
---------------+-------------------------------------------+-----
Ice Magic      | 4 5 6 7 |  7.0
Spellcasting   | 3 4 |  4.5
Fighting       | 2 4 5 6 8 9 |  9.1
Dodging        | 3 5 6 8 |  8.3
Axes           | 2 4 6 8 10 11 13 | 13.5
Armour         | 2 4 5 6 |  6.0
Air Magic      | 1 3 |  3.0
Conjurations   | 1 3 5 6 |  6.2
Earth Magic    | 1 3 5 6 |  6.8
Translocations | 3 |  3.1
Fire Magic     | 2 4 |  4.0
Stealth        | |  1.7

Action                   |  1- 3 |  4- 6 |  7- 9 | 10-12 | 13-15 || total
-------------------------+-------+-------+-------+-------+-------++-------
Melee: Unarmed           |    12 |       |    16 |       |       ||    28
       Dagger            |    19 |    13 |       |       |       ||    32
       Trident           |       |    40 |     8 |       |       ||    48
       Kick              |       |     5 |    43 |    90 |    52 ||   190
       Hand axe          |       |       |   179 |    29 |       ||   208
       Broad axe         |       |       |       |   301 |   322 ||   623
 Cast: Freeze            |    42 |    43 |    84 |    19 |       ||   188
       Frozen Ramparts   |     1 |     4 |    27 |    57 |    18 ||   107
       Sandblast         |       |       |       |    53 |    33 ||    86
Evoke: Wand              |       |       |     2 |     2 |       ||     4
  Use: Scroll            |       |     3 |     2 |    13 |     8 ||    26
       Potion            |       |     2 |     1 |     1 |     1 ||     5
 Stab: Sleeping          |     3 |     4 |     2 |     2 |       ||    11
       Petrified         |       |       |       |       |     6 ||     6
       Petrifying        |       |       |       |       |     3 ||     3
       Invisible         |       |       |       |       |     2 ||     2
Armor: Robe              |     7 |    19 |    15 |       |       ||    41
       Ring mail         |       |       |   121 |   177 |   142 ||   440
Dodge: Dodged            |    35 |    44 |   232 |   241 |   170 ||   722

Table legend: (Time is in decaauts)
 A = Elapsed time spent in this place.
 B = Non-inter-level travel time spent in this place.
 C = Inter-level travel time spent in this place.
 D = Time resting spent in this place.
 E = Time spent auto-exploring this place.
 F = Levels seen in this place.
 G = Mean time per level.
                   A        B        C        D        E       F      G
               +--------+--------+--------+--------+--------+-----+--------+
         Total |  26487 |  25409 |   1078 |   4199 |  17918 |  18 | 1471.5 |
       Dungeon |  14537 |  13909 |    628 |   2936 |   9045 |  10 | 1453.7 |
        Temple |    309 |    269 |     40 |      0 |    267 |   1 |  309.0 |
          Lair |  11135 |  10726 |    409 |    999 |   8498 |   6 | 1855.8 |
  Orcish Mines |    504 |    504 |      0 |    264 |    108 |   1 |  504.0 |
               +--------+--------+--------+--------+--------+-----+--------+

Top non-repeatable levels by time:
  Lair:6: 3335 daAuts
  Lair:5: 2156 daAuts
    D:10: 2085 daAuts
     D:8: 1921 daAuts
  Lair:2: 1806 daAuts
     D:5: 1716 daAuts
  Lair:4: 1580 daAuts
     D:4: 1519 daAuts
     D:1: 1513 daAuts
     D:7: 1499 daAuts
  Lair:3: 1277 daAuts
     D:3: 1201 daAuts
     D:2: 1134 daAuts
     D:6: 999 daAuts
  Lair:1: 979 daAuts
